 Dungeon Crawl Stone Soup version 0.28-a0-1130-gc51a68064b (webtiles) character file.

Game seed: 6667567965414233288

206 ytrimaz the Insei (level 5, 0/51 HPs)
             Began as an Octopode Transmuter on Dec 12, 2021.
             Slain by a centaur (5 damage)
             ... on level 5 of the Dungeon.
             The game lasted 00:02:40 (3139 turns).

ytrimaz the Insei (Octopode Transmuter)             Turns: 3139, Time: 00:02:41

Health: 0/51       AC: 22    Str: 10    XL:     5   Next: 84%
Magic:  9/9        EV:  2    Int: 17    God:
Gold:   163        SH:  0    Dex: 12    Spells: 4/10 levels left

rFire   . . .      SeeInvis .     - Unarmed
rCold   . . .      Faith    .   (no shield)
rNeg    . . .      Spirit   .   (helmet currently unavailable)
rPois   +          Reflect  .   (no amulet)
rElec   .          Harm     .   (no ring)
rCorr   .          Rampage  .   (no ring)
Will    .....      Clarity  +   (no ring)
Stlth   +......... NoTele   +   (no ring)
HPRegen 0.17/turn               (no ring)
MPRegen 0.11/turn               (no ring)
                                (no ring)
                                (no ring)

@: tree-form, attractive, hasted, very quick
A: stationary, stasis, torment immunity, boosted hp, almost no armour,
(amphibious), 8 rings, (camouflage 1), (gelatinous body 1), (nimble swimmer 1),
(tentacles), clarity, no potion heal 1, devolution 1
a: no special abilities


You were on level 5 of the Dungeon.
You were a tree.
You visited 1 branch of the dungeon, and saw 4 of its levels.

You collected 163 gold pieces.

Inventory:

Wands
 b - a wand of acid (14)


   Skills:
 * Level 2.1 Fighting
 * Level 2.6 Dodging
 + Level 3.7 Unarmed Combat
 * Level 3.1 Spellcasting
 * Level 3.3 Transmutations
 * Level 1.4 Poison Magic


You had 4 spell levels left.
You knew the following spells:

 Your Spells              Type           Power      Damage    Failure   Level
a - Beastly Appendage     Tmut           26%        N/A       4%          1
b - Wereblood             Tmut           13%        N/A       7%          2
c - Spider Form           Tmut/Pois      10%        N/A       19%         3

Your spell library contained the following spells:

 Spells                   Type           Power      Damage    Failure   Level
 Sting                    Tmut/Pois      40%        1d5       6%          1
 Poisonous Vapours        Pois/Air       10%        N/A       19%         2
 Ice Form                 Ice/Tmut       8%         N/A       65%         4
 Olgreb's Toxic Radiance  Pois           7%         N/A       67%         4


Dungeon Overview and Level Annotations

Branches:
Dungeon (3/15)

Altars:
Yredelemnul


Innate Abilities, Weirdness & Mutations

You are a tree.
Your roots penetrate the ground, keeping you stationary.
You cannot be teleported.
You are immune to unholy pain and torment.
Your maximum health is greatly increased.
You cannot wear most types of armour.
((You are amphibious.))
You can wear up to eight rings at the same time.
((Your skin changes colour to match your surroundings (Stealth+).))
((Your rubbery body absorbs attacks. (AC +1, EV +1)))
((You are camouflaged near water. (Stealth+)))
((You have tentacles for arms and can constrict up to eight enemies at once.))
You possess an exceptional clarity of mind.
Potions are less effective at restoring your health.
You have hidden genetic defects.


Message History

Okay, then.
It was a potion of attraction.
You feel attractive to monsters. The centaur is attracted toward you.
Unknown command.
Casting: Beastly Appendage (safe; 4% risk of failure)
Confirm with . or Enter, or press ? or * to list all spells.
You don't know that spell.
Unknown command.
It was a potion of mutation.
You feel extremely strange.
You feel a hidden malignance growing inside you.
Your system partially rejects the healing effects of potions.
Your thoughts seem clearer.
The centaur unwields a +0 shortbow.
The centaur misses you. The centaur barely misses you.
Unknown command.
It was a potion of lignification.
Your tentacle spike disappears.
You turn into a tree.
Your roots penetrate the ground.
The centaur hits you but does no damage.
The centaur kicks you but does no damage.
The centaur hits you but does no damage.
The centaur kicks you.
* * * LOW HITPOINT WARNING * * *
It was a potion of haste.
You feel yourself speed up.
The centaur hits you but does no damage.
The centaur kicks you but does no damage.
Unknown command.
You smack the centaur!
The centaur is heavily wounded.
The centaur hits you but does no damage.
The centaur kicks you but does no damage.
You smack the centaur!
Your punch misses the centaur.
The centaur is almost dead.
The centaur hits you but does no damage.
The centaur kicks you but does no damage.
You hit the centaur but do no damage.
The centaur is almost dead.
The centaur hits you.
You die...

######### ###..#.....
#.......... #♣c........
######.##.### . ..##..
##..###.##+###.. ......
#.........^..... ......
#####..............
....J.##..##..c###...###..
..........##...###...###
.......c.........#.....#
..........(......#.....#


You could see a centaur.

Vanquished Creatures
  Sigmund (D:2)
  An adder (D:3)
  2 worms (D:2)
  6 bats
  3 endoplasms (D:1)
  A giant cockroach (D:2)
  3 goblins
  4 hobgoblins
  6 kobolds
  A quokka (D:2)
  A ball python (D:3)
  3 frilled lizards
  3 rats
35 creatures vanquished.

Notes
Turn   | Place    | Note
-------+----------+-------------------------------------------
     0 | D:1      | ytrimaz the Octopode Transmuter began the quest for the
                  | Orb.
     0 | D:1      | Reached XP level 1. HP: 13/13 MP: 3/3
   265 | D:1      | Reached XP level 2. HP: 18/18 MP: 5/5
  1339 | D:2      | Reached XP level 3. HP: 18/23 MP: 4/6
  1443 | D:2      | Learned a level 2 spell: Wereblood
  1447 | D:2      | Learned a level 3 spell: Spider Form
  1731 | D:2      | Noticed Sigmund
  1751 | D:2      | Killed Sigmund
  1752 | D:2      | Reached skill level 1 in Poison Magic
  1752 | D:2      | Reached XP level 4. HP: 12/29 MP: 4/8
  1752 | D:2      | Reached XP level 5. HP: 14/34 MP: 4/9
  2172 | D:2      | Found a faded altar of an unknown god.
  2350 | D:2      | Found a basalt altar of Yredelemnul.
  3094 | D:3      | You fall into a shaft and drop 2 floors!
  3094 | D:5      | Entered Level 5 of the Dungeon
  3116 | D:5      | Noticed a centaur
  3134 | D:5      | Gained mutation: You have hidden genetic defects. [potion
                  | of mutation]
  3134 | D:5      | Gained mutation: Potions are less effective at restoring
                  | your health. [potion of mutation]
  3134 | D:5      | Gained mutation: You possess an exceptional clarity of
                  | mind. [potion of mutation]
  3139 | D:5      | Slain by a centaur

Illustrated notes

Levels and vault maps discovered:
D:1:      amcnicky_arrival_gap_in_the_tavern_cellar, layout_basic
D:2:      layout_loops_corners, basic_altar, ebering_ecumenical_altar_box,
          uniq_sigmund
D:3:      layout_loops_corners, riverfiend_overflow_shadow_ancestor
D:5:      layout_gridville, grunt_qazlal_clouds, grunt_ministairs_11

Skill      XL: |  1  2  3 |
---------------+----------+-----
Fighting       | 2 |  2.1
Spellcasting   | 3 |  3.1
Transmutations | 3 |  3.3
Poison Magic   | 1 |  1.4
Dodging        | |  2.6
Unarmed Combat | |  3.7

Action                   |  1- 3 |  4- 6 || total
-------------------------+-------+-------++-------
Melee: Unarmed           |    53 |    31 ||    84
       Constrict         |    13 |     8 ||    21
       Kick              |     9 |     4 ||    13
       Tentacles         |     6 |     4 ||    10
 Cast: Beastly Appendage |    16 |    13 ||    29
       Spider Form       |     1 |       ||     1
  Use: Scroll            |     5 |     1 ||     6
       Potion            |     3 |     4 ||     7
 Stab: Sleeping          |     4 |     1 ||     5
Armor: Skin              |     3 |    13 ||    16
Dodge: Dodged            |    30 |    28 ||    58

Table legend: (Time is in decaauts)
 A = Elapsed time spent in this place.
 B = Non-inter-level travel time spent in this place.
 C = Inter-level travel time spent in this place.
 D = Time resting spent in this place.
 E = Time spent auto-exploring this place.
 F = Levels seen in this place.
 G = Mean time per level.
                   A        B        C        D        E       F      G
               +--------+--------+--------+--------+--------+-----+--------+
         Total |   3132 |   3094 |     38 |      0 |   2682 |   4 |  783.0 |
       Dungeon |   3132 |   3094 |     38 |      0 |   2682 |   4 |  783.0 |
               +--------+--------+--------+--------+--------+-----+--------+

Top non-repeatable levels by time:
     D:2: 1326 daAuts
     D:1: 1232 daAuts
     D:3: 529 daAuts
     D:5: 43 daAuts
